TOP OF THE 1ST |
Wisconsin Timber Rattlers batting - Pitching for Atlanta (MID) Braves : LHP Juan Ramirez
|
Pitching: LHP Juan Ramirez
|
|
Batting: RHB Carlos Salazar
|
0-0: Foul Ball, location: 2F 0-1: Foul Ball, location: 2F 0-2: Ball 1-2: SINGLE (Groundball, 56D, EV 104.4 MPH)
|
Batting: RHB Ben Alspach
|
0-0: Ball 1-0: Foul Ball, location: 9LSF, Error on foul ball, E9 1-1: Fly out, F7 (Flyball, 7LD, EV 84.4 MPH)
|
Batting: RHB Nick Garland
|
0-0: Called Strike 0-1: Called Strike 0-2: Strikes out swinging
|
Batting: LHB Gabe Harvey
|
0-0: Ball 1-0: Swinging Strike 1-1: Called Strike 1-2: Fielders Choice at 2nd, 5-4 (Groundball, 56, EV 100.6 MPH)
|
Top of the 1st over - 0 runs, 1 hit, 1 error, 1 left on base; Wisconsin 0 - Atlanta (MID) 0 |
BOTTOM OF THE 1ST |
Atlanta (MID) Braves batting - Pitching for Wisconsin Timber Rattlers : RHP Matysh Ekmalyan
|
Pitching: RHP Matysh Ekmalyan
|
|
Batting: LHB Tsutomu Miyahara
|
0-0: Called Strike 0-1: Ball 1-1: Swinging Strike 1-2: Strikes out swinging
|
Batting: SHB Ian Arlotta
|
0-0: Called Strike 0-1: Called Strike 0-2: Strikes out swinging
|
Batting: SHB Richello Badua
|
0-0: Ball 1-0: Swinging Strike 1-1: Swinging Strike 1-2: Ball 2-2: Fly out, F8 (Flyball, 8LD, EV 100.0 MPH)
|
Bottom of the 1st over - 0 runs, 0 hits, 0 errors, 0 left on base; Wisconsin 0 - Atlanta (MID) 0 |
TOP OF THE 2ND |
Wisconsin Timber Rattlers batting - Pitching for Atlanta (MID) Braves : LHP Juan Ramirez
|
Batting: RHB Brian Landrum
|
0-0: Ball 1-0: Fly out, F8 (Flyball, 8RD, EV 90.0 MPH)
|
Batting: RHB Jeff Cornett
|
0-0: Ball 1-0: Fly out, F7 (Flyball, 7, EV 88.1 MPH)
|
Batting: LHB Paul Collins
|
0-0: Called Strike 0-1: Ball 1-1: Called Strike 1-2: Ball 2-2: Ball 3-2: Fly out, F8 (Flyball, 8LS, EV 91.2 MPH)
|
Top of the 2nd over - 0 runs, 0 hits, 0 errors, 0 left on base; Wisconsin 0 - Atlanta (MID) 0 |
BOTTOM OF THE 2ND |
Atlanta (MID) Braves batting - Pitching for Wisconsin Timber Rattlers : RHP Matysh Ekmalyan
|
Batting: LHB Jae-ik Soung
|
0-0: Ball 1-0: Fly out, F8 (Flyball, 78M, EV 86.2 MPH)
|
Batting: LHB Erik Gretzky
|
0-0: Ball 1-0: Called Strike 1-1: Ball 2-1: Ball 3-1: Foul Ball, location: 2F 3-2: Fly out, F7 (Flyball, 7D, EV 97.5 MPH)
|
Batting: LHB Ben Goldstein
|
0-0: Called Strike 0-1: Foul Ball, location: 2F 0-2: Ground out U3 (Groundball, 3, EV 79.4 MPH)
|
Bottom of the 2nd over - 0 runs, 0 hits, 0 errors, 0 left on base; Wisconsin 0 - Atlanta (MID) 0 |
TOP OF THE 3RD |
Wisconsin Timber Rattlers batting - Pitching for Atlanta (MID) Braves : LHP Juan Ramirez
|
Batting: RHB Dave Bateman
|
0-0: Ball 1-0: Ball 2-0: Called Strike 2-1: Foul Ball, location: 2F 2-2: Strikes out swinging
|
Batting: RHB Tyler Badillo
|
0-0: Fly out, F8 (Flyball, 8LS, EV 95.0 MPH)
|
Batting: RHB Carlos Salazar
|
0-0: Ball 1-0: Called Strike 1-1: SINGLE (Line Drive, 4D, EV 98.8 MPH)
|
Batting: RHB Ben Alspach
|
0-0: Ball 1-0: Ball 2-0: Called Strike 2-1: Foul Ball, location: 2F 2-2: Foul Ball, location: 2F 2-2: DOUBLE (Line Drive, 78M, EV 100.0 MPH) Carlos Salazar to third Carlos Salazar scores
|
Batting: RHB Nick Garland
|
0-0: Ball 1-0: Ball 2-0: Called Strike 2-1: Ball 3-1: SINGLE (Groundball, 56D, EV 108.8 MPH) Ben Alspach to third
|
Batting: LHB Gabe Harvey
|
0-0: Swinging Strike 0-1: Ball 1-1: Ball 2-1: Fly out, F8 (Line Drive, 8LM, EV 91.9 MPH)
|
Top of the 3rd over - 1 run, 3 hits, 0 errors, 2 left on base; Wisconsin 1 - Atlanta (MID) 0 |
BOTTOM OF THE 3RD |
Atlanta (MID) Braves batting - Pitching for Wisconsin Timber Rattlers : RHP Matysh Ekmalyan
|
Batting: LHB Oke Monti
|
0-0: Called Strike 0-1: Ball 1-1: SOLO HOME RUN (Flyball, 9LD, EV 93.1 MPH), Distance : 336 ft
|
Batting: RHB Badr al Din Ridha
|
0-0: Called Strike 0-1: Called Strike 0-2: Ball 1-2: Foul Ball, location: 2F 1-2: Ball 2-2: Ball 3-2: Foul Ball, location: 2F 3-2: Foul Ball, location: 2F 3-2: Strikes out looking
|
Batting: SHB Juan Aguilar
|
0-0: Called Strike 0-1: Ball 1-1: Called Strike 1-2: Ball 2-2: Foul Ball, location: 2F 2-2: Fly out, F2 (Popup, 2RF, EV 92.5 MPH)
|
Batting: LHB Tsutomu Miyahara
|
0-0: Called Strike 0-1: Fly out, F4 (Line Drive, 4, EV 63.1 MPH)
|
Bottom of the 3rd over - 1 run, 1 hit, 0 errors, 0 left on base; Wisconsin 1 - Atlanta (MID) 1 |
TOP OF THE 4TH |
Wisconsin Timber Rattlers batting - Pitching for Atlanta (MID) Braves : LHP Juan Ramirez
|
Batting: RHB Brian Landrum
|
0-0: Ball 1-0: Foul Ball, location: 2F 1-1: Ball 2-1: Foul Ball, location: 2F 2-2: Foul Ball, location: 2F 2-2: Strikes out swinging
|
Batting: RHB Jeff Cornett
|
0-0: Swinging Strike 0-1: Foul Ball, location: 2F 0-2: Strikes out swinging
|
Batting: LHB Paul Collins
|
0-0: Ball 1-0: Ball 2-0: Ball 3-0: Called Strike 3-1: Foul Ball, location: 2F 3-2: SINGLE (Groundball, 56S, EV 63.1 MPH) (infield hit)
|
Batting: RHB Dave Bateman
|
0-0: Fielders Choice at 2nd, 5-4 (Groundball, 56, EV 86.9 MPH)
|
Top of the 4th over - 0 runs, 1 hit, 0 errors, 1 left on base; Wisconsin 1 - Atlanta (MID) 1 |
BOTTOM OF THE 4TH |
Atlanta (MID) Braves batting - Pitching for Wisconsin Timber Rattlers : RHP Matysh Ekmalyan
|
Batting: SHB Ian Arlotta
|
0-0: DOUBLE (Line Drive, 5D, EV 95.0 MPH)
|
Batting: SHB Richello Badua
|
0-0: Hit by Pitch
|
Batting: LHB Jae-ik Soung
|
0-0: Called Strike Ian Arlotta steals 3rd base 0-1: Ball Richello Badua steals 2nd base 1-1: Ball 2-1: Called Strike 2-2: Ball 3-2: Foul Ball, location: 2F 3-2: Fly out, F8 (Flyball, 8LD, EV 80.0 MPH) Runner from 3rd tags up, SCORES, throw by CF
|
Batting: LHB Erik Gretzky
|
0-0: Called Strike 0-1: Fly out, F4 (Popup, 34, EV 69.4 MPH)
|
Batting: LHB Ben Goldstein
|
0-0: Fly out, F8 (Flyball, 78M, EV 91.9 MPH)
|
Bottom of the 4th over - 1 run, 1 hit, 0 errors, 1 left on base; Wisconsin 1 - Atlanta (MID) 2 |
TOP OF THE 5TH |
Wisconsin Timber Rattlers batting - Pitching for Atlanta (MID) Braves : LHP Juan Ramirez
|
Batting: RHB Tyler Badillo
|
0-0: Called Strike 0-1: SOLO HOME RUN (Flyball, 9D, EV 94.4 MPH), Distance : 352 ft
|
Batting: RHB Carlos Salazar
|
0-0: Ball 1-0: Foul Ball, location: 2F 1-1: Foul Ball, location: 2F 1-2: Foul Ball, location: 2F 1-2: Ball 2-2: Foul Ball, location: 2F 2-2: Ground out 5-3 (Groundball, 56, EV 92.5 MPH)
|
Batting: RHB Ben Alspach
|
0-0: Called Strike 0-1: Ball 1-1: Swinging Strike 1-2: Ball 2-2: SINGLE (Line Drive, 78S, EV 103.1 MPH)
|
Batting: RHB Nick Garland
|
0-0: Foul Ball, location: 2F 0-1: Swinging Strike 0-2: Ball Ben Alspach steals 2nd base 1-2: Strikes out looking
|
Batting: LHB Gabe Harvey
|
0-0: Ball 1-0: Called Strike 1-1: Fly out, F7 (Flyball, 7D, EV 101.2 MPH)
|
Top of the 5th over - 1 run, 2 hits, 0 errors, 1 left on base; Wisconsin 2 - Atlanta (MID) 2 |
BOTTOM OF THE 5TH |
Atlanta (MID) Braves batting - Pitching for Wisconsin Timber Rattlers : RHP Matysh Ekmalyan
|
Batting: LHB Oke Monti
|
0-0: Ball 1-0: Ball 2-0: SINGLE (Groundball, 34D, EV 110.6 MPH)
|
Batting: RHB Badr al Din Ridha
|
0-0: Ball 1-0: Swinging Strike 1-1: Foul Ball, location: 2F 1-2: Ball 2-2: Strikes out swinging
|
Batting: SHB Juan Aguilar
|
0-0: Ball 1-0: Fly out, F9 (Flyball, 9, EV 95.6 MPH)
|
Batting: LHB Tsutomu Miyahara
|
0-0: Ball 1-0: Ball 2-0: SINGLE (Line Drive, 8LS, EV 110.0 MPH) Oke Monti to second
|
Batting: SHB Ian Arlotta
|
0-0: Called Strike 0-1: Foul Ball, location: 2F 0-2: Foul Ball, location: 2F 0-2: Ball 1-2: Ball 2-2: Fielders Choice at 2nd, U4 (Groundball, 4M, EV 80.0 MPH)
|
Bottom of the 5th over - 0 runs, 2 hits, 0 errors, 2 left on base; Wisconsin 2 - Atlanta (MID) 2 |
TOP OF THE 6TH |
Wisconsin Timber Rattlers batting - Pitching for Atlanta (MID) Braves : LHP Juan Ramirez
|
Batting: RHB Brian Landrum
|
0-0: Ball 1-0: Ball 2-0: Called Strike 2-1: SINGLE (Groundball, 5D, EV 101.9 MPH)
|
Batting: RHB Jeff Cornett
|
0-0: Called Strike 0-1: Ball 1-1: Ball 2-1: SINGLE (Groundball, 6MD, EV 99.4 MPH) Brian Landrum to second
|
Batting: LHB Paul Collins
|
0-0: Called Strike 0-1: Fielders Choice at 2nd, 4-6 (Groundball, 4M, EV 84.4 MPH) Brian Landrum to third
|
Batting: RHB Dave Bateman
|
0-0: Ball 1-0: Ball 2-0: Ball 3-0: Called Strike 3-1: Base on Balls Paul Collins to second
|
Pitching: RHP Matt Peck
|
|
Batting: RHB Tyler Badillo
|
0-0: Ball 1-0: Foul Ball, location: 2F 1-1: Swinging Strike 1-2: Ball 2-2: Foul Ball, location: 2F 2-2: Foul Ball, location: 2F 2-2: Ball 3-2: Strikes out swinging
|
Batting: RHB Carlos Salazar
|
0-0: Ball 1-0: Foul Ball, location: 2F 1-1: SINGLE (Groundball, 56, EV 102.5 MPH) Brian Landrum scores Paul Collins to third Dave Bateman to second Runner from 3rd tries for Home, SAFE, throw by LF to home
|
Batting: RHB Ben Alspach
|
0-0: Ball 1-0: Ball 2-0: Called Strike 2-1: Ground out 3-1 (Groundball, 34S, EV 83.1 MPH)
|
Top of the 6th over - 2 runs, 3 hits, 0 errors, 2 left on base; Wisconsin 4 - Atlanta (MID) 2 |
BOTTOM OF THE 6TH |
Atlanta (MID) Braves batting - Pitching for Wisconsin Timber Rattlers : RHP Matysh Ekmalyan
|
Batting: SHB Richello Badua
|
0-0: Ball 1-0: Fly out, F8 (Line Drive, 8LM, EV 106.2 MPH)
|
Batting: LHB Jae-ik Soung
|
0-0: Ball 1-0: Foul Ball, location: 2F 1-1: Ball 2-1: Ball 3-1: Base on Balls
|
Batting: LHB Erik Gretzky
|
0-0: Called Strike 0-1: Ball 1-1: Ball 2-1: Foul Ball, location: 2F 2-2: Ball 3-2: Fly out, F9 (Flyball, 9, EV 81.9 MPH)
|
Batting: LHB Ben Goldstein
|
0-0: Foul Ball, location: 2F 0-1: Ball 1-1: Called Strike 1-2: Ground out 3-1 (Groundball, 34S, EV 87.5 MPH)
|
Bottom of the 6th over - 0 runs, 0 hits, 0 errors, 1 left on base; Wisconsin 4 - Atlanta (MID) 2 |
TOP OF THE 7TH |
Wisconsin Timber Rattlers batting - Pitching for Atlanta (MID) Braves : RHP Matt Peck
|
Batting: RHB Nick Garland
|
0-0: Called Strike 0-1: Called Strike 0-2: Ball 1-2: Fly out, F8 (Line Drive, 8LM, EV 101.2 MPH)
|
Batting: LHB Gabe Harvey
|
0-0: Swinging Strike 0-1: Ball 1-1: Ball 2-1: Ball 3-1: SINGLE (Groundball, 4MS, EV 70.0 MPH) (infield hit)
|
Batting: RHB Brian Landrum
|
0-0: SINGLE (Line Drive, 89S, EV 103.1 MPH) Gabe Harvey to second
|
Batting: RHB Jeff Cornett
|
0-0: Called Strike 0-1: Ball 1-1: Ball 2-1: Ball 3-1: Foul Ball, location: 2F 3-2: Foul Ball, location: 2F 3-2: Foul Ball, location: 2F 3-2: Fly out, F6 (Popup, P, EV 89.4 MPH)
|
Batting: LHB Paul Collins
|
0-0: Reaches on Catchers interference Gabe Harvey to third Brian Landrum to second
|
Batting: RHB Dave Bateman
|
0-0: Fielders Choice at 2nd, 5-4 (Groundball, 56, EV 100.0 MPH)
|
Top of the 7th over - 0 runs, 2 hits, 1 error, 3 left on base; Wisconsin 4 - Atlanta (MID) 2 |
BOTTOM OF THE 7TH |
Atlanta (MID) Braves batting - Pitching for Wisconsin Timber Rattlers : RHP Matysh Ekmalyan
|
Pitching: LHP Tom Barone
|
|
Batting: LHB Oke Monti
|
0-0: Foul Ball, location: 2F 0-1: Fly out, F9 (Flyball, 9, EV 74.4 MPH)
|
Batting: RHB Badr al Din Ridha
|
0-0: Ball 1-0: Ground out 6-3 (Groundball, 6, EV 86.9 MPH)
|
Batting: SHB Juan Aguilar
|
0-0: Called Strike 0-1: Ball 1-1: Swinging Strike 1-2: Foul Ball, location: 2F 1-2: Ball 2-2: Ground out 6-3 (Groundball, 56, EV 103.1 MPH)
|
Bottom of the 7th over - 0 runs, 0 hits, 0 errors, 0 left on base; Wisconsin 4 - Atlanta (MID) 2 |
TOP OF THE 8TH |
Wisconsin Timber Rattlers batting - Pitching for Atlanta (MID) Braves : RHP Matt Peck
|
Pitching: LHP Shingo Miura
|
|
Batting: RHB Tyler Badillo
|
0-0: Ground out 4-3 (Groundball, 34D, EV 102.5 MPH)
|
Batting: RHB Carlos Salazar
|
0-0: DOUBLE (Line Drive, 78XD, EV 104.4 MPH)
|
Batting: RHB Ben Alspach
|
0-0: Called Strike 0-1: Ball 1-1: Ball 2-1: Swinging Strike 2-2: Strikes out swinging
|
Batting: RHB Nick Garland
|
0-0: Intentional Walk
|
Batting: LHB Gabe Harvey
|
0-0: Ball 1-0: Ball 2-0: SINGLE (Line Drive, 8RS, EV 111.9 MPH) Carlos Salazar to third Nick Garland to second
|
Batting: RHB Brian Landrum
|
0-0: Ball 1-0: Ball 2-0: Ball 3-0: Called Strike 3-1: Base on Balls Carlos Salazar scores Nick Garland to third Gabe Harvey to second
|
Batting: RHB Jeff Cornett
|
0-0: Ball 1-0: Ball 2-0: Ball 3-0: Called Strike 3-1: Base on Balls Nick Garland scores Gabe Harvey to third Brian Landrum to second
|
Batting: RHB Rafael Medina
|
0-0: Swinging Strike 0-1: Swinging Strike 0-2: Ball 1-2: Foul Ball, location: 2F 1-2: Ground out 6-3 (Groundball, P, EV 88.1 MPH)
|
Top of the 8th over - 2 runs, 2 hits, 0 errors, 3 left on base; Wisconsin 6 - Atlanta (MID) 2 |
BOTTOM OF THE 8TH |
Atlanta (MID) Braves batting - Pitching for Wisconsin Timber Rattlers : LHP Tom Barone
|
Batting: LHB Tsutomu Miyahara
|
0-0: Called Strike 0-1: SINGLE (Groundball, 34D, EV 101.2 MPH) (infield hit)
|
Batting: SHB Ian Arlotta
|
0-0: SINGLE (Groundball, 6MD, EV 95.6 MPH) Tsutomu Miyahara to second
|
Batting: SHB Richello Badua
|
0-0: Foul Ball, location: 2F 0-1: Ball 1-1: SINGLE (Groundball, 13S, EV 61.9 MPH) (infield hit) Tsutomu Miyahara to third Ian Arlotta to second
|
Batting: LHB Jae-ik Soung
|
0-0: Ball 1-0: Ball 2-0: Ball 3-0: Base on Balls Tsutomu Miyahara scores Ian Arlotta to third Richello Badua to second
|
Batting: LHB Erik Gretzky
|
0-0: Swinging Strike 0-1: Ball 1-1: Ball 2-1: Swinging Strike 2-2: Strikes out looking
|
Batting: RHB Mike Shook
|
0-0: Called Strike 0-1: Called Strike 0-2: Ball 1-2: Strikes out swinging
|
Batting: LHB Oke Monti
|
0-0: Ball 1-0: Called Strike 1-1: Ball 2-1: Ball 3-1: Fly out, F4 (Popup, 4, EV 81.2 MPH)
|
Bottom of the 8th over - 1 run, 3 hits, 0 errors, 3 left on base; Wisconsin 6 - Atlanta (MID) 3 |
TOP OF THE 9TH |
Wisconsin Timber Rattlers batting - Pitching for Atlanta (MID) Braves : LHP Shingo Miura
|
Pitching: RHP Jae-young Jhang
|
|
Batting: RHB Dave Bateman
|
0-0: Ball 1-0: Ball 2-0: Swinging Strike 2-1: SINGLE (Groundball, 56D, EV 107.5 MPH)
|
Batting: RHB Tyler Badillo
|
0-0: Called Strike 0-1: Ball 1-1: Fly out, F7 (Flyball, 7LD, EV 98.8 MPH)
|
Batting: RHB Carlos Salazar
|
0-0: Ball 1-0: Called Strike Dave Bateman is caught stealing 2nd base 2-4 1-1: Foul Ball, location: 2F 1-2: Foul Ball, location: 2F 1-2: Ball 2-2: Ball 3-2: Strikes out swinging
|
Top of the 9th over - 0 runs, 1 hit, 0 errors, 0 left on base; Wisconsin 6 - Atlanta (MID) 3 |
BOTTOM OF THE 9TH |
Atlanta (MID) Braves batting - Pitching for Wisconsin Timber Rattlers : LHP Tom Barone
|
Pitching: LHP Brian Rich
|
|
Batting: RHB Badr al Din Ridha
|
0-0: Ball 1-0: Ground out 4-3 (Groundball, 4, EV 82.5 MPH)
|
Batting: SHB Juan Aguilar
|
0-0: Foul Ball, location: 2F 0-1: Ball 1-1: Ball 2-1: Ball 3-1: DOUBLE (Line Drive, 89D, EV 110.6 MPH)
|
Batting: LHB Tsutomu Miyahara
|
0-0: Swinging Strike 0-1: Called Strike 0-2: Strikes out looking
|
Batting: SHB Ian Arlotta
|
0-0: Called Strike 0-1: SINGLE (Groundball, 56D, EV 111.2 MPH) Juan Aguilar to third
|
Batting: SHB Richello Badua
|
0-0: Swinging Strike 0-1: Foul Ball, location: 2F 0-2: Ball 1-2: Foul Ball, location: 2F 1-2: Strikes out looking
|
Bottom of the 9th over - 0 runs, 2 hits, 0 errors, 2 left on base; Wisconsin 6 - Atlanta (MID) 3 |
|